SA
SYRACUSE STORM @ CONNETQUOT CHIEFS
08/31/2022
 
TOP OF THE 1ST
Syracuse Storm batting - Pitching for Connetquot Chiefs : RHP Raúl Gálvez
Pitching: RHP Raúl Gálvez
Batting: RHB Sung-min Pae 0-0: Ball
1-0: SINGLE (Flyball, 9LS)
Batting: RHB Jim Unknown 0-0: Ball
1-0: Ball
2-0: SINGLE (Groundball, 4M)
Sung-min Pae to second
Runner from 2nd tries for 3rd, SAFE, no throw or cutoff
Batting: RHB Rafael Delgado 0-0: Ball
1-0: Ball
2-0: Ball
3-0: Called Strike
3-1: Called Strike
3-2: Foul Ball, location: 2F
3-2: Base on Balls
Jim Unknown to second
Batting: RHB Jim Unknown 0-0: Ball
1-0: Swinging Strike
1-1: Called Strike
1-2: SINGLE (Line Drive, 4MD)
Sung-min Pae scores
Jim Unknown to third
Rafael Delgado to second
Runner from 3rd tries for Home, SAFE, throw made home
Rafael Delgado to third
Jim Unknown to second
Batting: LHB Carlos Garza 0-0: Fly out, F4 (Line Drive, 4D)
Batting: RHB Noah Smith 0-0: Called Strike
0-1: Ball
1-1: Ground out 6-3 (Groundball, 6)
Rafael Delgado scores
Batting: SHB John Clayton 0-0: Ball
1-0: Called Strike
1-1: Foul Ball, location: 2F
1-2: Ball
2-2: Strikes out swinging
Top of the 1st over - 3 run(s), 3 hit(s), 0 error(s), 1 left on base; Syracuse 3 - Connetquot 0
BOTTOM OF THE 1ST
Connetquot Chiefs batting - Pitching for Syracuse Storm : RHP Dave Turner
Pitching: RHP Dave Turner
Batting: RHB Emanuel Bree 0-0: Called Strike
0-1: Foul Ball, location: 2F
0-2: SINGLE (Groundball, 4M)
Batting: RHB José Magana 0-0: Ball
1-0: Ball
2-0: Fly out, F6 (Popup, 6MS)
Batting: RHB Menno van de Vlugt 0-0: Fielders Choice at 2nd, 5-4 (Groundball, 56)
Batting: RHB Arturo Morales 0-0: Called Strike
0-1: Ball
1-1: Foul Ball, location: 2F
1-2: Ball
2-2: Foul Ball, location: 2F
2-2: Fly out, F8 (Popup, 6D)
Bottom of the 1st over - 0 run(s), 1 hit(s), 0 error(s), 1 left on base; Syracuse 3 - Connetquot 0
TOP OF THE 2ND
Syracuse Storm batting - Pitching for Connetquot Chiefs : RHP Raúl Gálvez
Batting: SHB Jeff Cornelis 0-0: Ball
1-0: Ground out 1-3 (Groundball, 13)
Batting: LHB Jim Unknown 0-0: Ball
1-0: Called Strike
1-1: Foul Ball, location: 2F
1-2: Ball
2-2: Ball
3-2: Foul Ball, location: 2F
3-2: Foul Ball, location: 2F
3-2: Strikes out swinging
Batting: RHB Sung-min Pae 0-0: Ball
1-0: Called Strike
1-1: Ball
2-1: Ground out 6-3 (Groundball, 6)
Top of the 2nd over - 0 run(s), 0 hit(s), 0 error(s), 0 left on base; Syracuse 3 - Connetquot 0
BOTTOM OF THE 2ND
Connetquot Chiefs batting - Pitching for Syracuse Storm : RHP Dave Turner
Batting: RHB Miguel Rodríguez 0-0: Called Strike
0-1: Foul Ball, location: 2F
0-2: Ball
1-2: Ball
2-2: Foul Ball, location: 2F
2-2: Strikes out swinging
Batting: RHB Fred Burt 0-0: Ball
1-0: Called Strike
1-1: Ball
2-1: Ball
3-1: Called Strike
3-2: SINGLE (Groundball, 6MD)
Batting: RHB Mario Rivera 0-0: Foul Ball, location: 2F
0-1: Ball
1-1: Grounds into double play, 6-4-3 (Groundball, 6)
Bottom of the 2nd over - 0 run(s), 1 hit(s), 0 error(s), 0 left on base; Syracuse 3 - Connetquot 0
TOP OF THE 3RD
Syracuse Storm batting - Pitching for Connetquot Chiefs : RHP Raúl Gálvez
Batting: RHB Jim Unknown 0-0: Foul Ball, location: 2F
0-1: Foul Ball, location: 2F
0-2: Ball
1-2: Ball
2-2: Foul Ball, location: 2F
2-2: Ball
3-2: Strikes out looking
Batting: RHB Rafael Delgado 0-0: Called Strike
0-1: Foul Ball, location: 2F
0-2: Ball
1-2: Ball
2-2: Strikes out swinging
Batting: RHB Jim Unknown 0-0: Ball
1-0: Called Strike
1-1: Called Strike
1-2: Ball
2-2: Foul Ball, location: 2F
2-2: Strikes out swinging
Top of the 3rd over - 0 run(s), 0 hit(s), 0 error(s), 0 left on base; Syracuse 3 - Connetquot 0
BOTTOM OF THE 3RD
Connetquot Chiefs batting - Pitching for Syracuse Storm : RHP Dave Turner
Batting: SHB Britt Ducker 0-0: Called Strike
0-1: Ball
1-1: Ball
2-1: Ball
3-1: Called Strike
3-2: Strikes out swinging
Batting: RHB David Pérez 0-0: Ball
1-0: Foul Ball, location: 2F
1-1: Called Strike
1-2: Ball
2-2: SINGLE (Popup, 4MD)
Batting: RHB Emanuel Bree 0-0: Ball
1-0: SINGLE (Line Drive, 9LS)
David Pérez to second
Runner from 2nd tries for 3rd, SAFE, no throw or cutoff
Batting: RHB José Magana 0-0: Swinging Strike
0-1: Ball
1-1: Called Strike
1-2: DOUBLE (Line Drive, 7LS)
David Pérez scores
Emanuel Bree to third
Batting: RHB Menno van de Vlugt 0-0: Foul Ball, location: 2F
0-1: Called Strike
0-2: Ball
1-2: Strikes out swinging
Batting: RHB Arturo Morales 0-0: SINGLE (Line Drive, 7S)
Emanuel Bree scores
José Magana to third
Runner from 3rd tries for Home, SAFE, no throw or cutoff
Batting: RHB Miguel Rodríguez 0-0: Foul Ball, location: 2F
0-1: Foul Ball, location: 2F
0-2: Ball
1-2: Strikes out swinging
Bottom of the 3rd over - 3 run(s), 4 hit(s), 0 error(s), 1 left on base; Syracuse 3 - Connetquot 3
TOP OF THE 4TH
Syracuse Storm batting - Pitching for Connetquot Chiefs : RHP Raúl Gálvez
Batting: LHB Carlos Garza 0-0: Called Strike
0-1: Called Strike
0-2: Ball
1-2: Foul Ball, location: 2F
1-2: Strikes out swinging
Batting: RHB Noah Smith 0-0: Swinging Strike
0-1: Ball
1-1: Called Strike
1-2: Strikes out looking
Batting: SHB John Clayton 0-0: Called Strike
0-1: Ball
1-1: Called Strike
1-2: Strikes out swinging
Top of the 4th over - 0 run(s), 0 hit(s), 0 error(s), 0 left on base; Syracuse 3 - Connetquot 3
BOTTOM OF THE 4TH
Connetquot Chiefs batting - Pitching for Syracuse Storm : RHP Dave Turner
Batting: RHB Fred Burt 0-0: SINGLE (Line Drive, 7S)
Batting: RHB Mario Rivera 0-0: Swinging Strike
0-1: Fly out, F8 (Line Drive, 6MD)
Batting: SHB Britt Ducker 0-0: Ball
1-0: Swinging Strike
1-1: Ball
2-1: Called Strike
2-2: Foul Ball, location: 2F
2-2: Strikes out swinging
Batting: RHB David Pérez 0-0: Ball
1-0: DOUBLE (Groundball, 5L)
Fred Burt to third
Runner from 3rd tries for Home, SAFE, no throw or cutoff
Batting: RHB Emanuel Bree 0-0: Called Strike
0-1: Ball
1-1: Ground out 6-3 (Groundball, 6M)
Bottom of the 4th over - 1 run(s), 2 hit(s), 0 error(s), 1 left on base; Syracuse 3 - Connetquot 4
TOP OF THE 5TH
Syracuse Storm batting - Pitching for Connetquot Chiefs : RHP Raúl Gálvez
Batting: SHB Jeff Cornelis 0-0: Ball
1-0: Ball
2-0: Called Strike
2-1: SINGLE (Line Drive, 56)
Batting: LHB Jim Unknown 0-0: Ball
1-0: SINGLE (Groundball, 34D)
Jeff Cornelis to second
Runner from 2nd tries for 3rd, SAFE, throw made to third
Batting: RHB Sung-min Pae 0-0: Swinging Strike
0-1: Ball
1-1: Ball
2-1: Called Strike
2-2: Strikes out swinging
Batting: RHB Jim Unknown 0-0: Ground out 4-3 (Groundball, 4M)
Jeff Cornelis scores
Jim Unknown to second
Batting: RHB Rafael Delgado 0-0: Ball
1-0: Called Strike
1-1: Called Strike
1-2: Strikes out swinging
Top of the 5th over - 1 run(s), 2 hit(s), 0 error(s), 1 left on base; Syracuse 4 - Connetquot 4
BOTTOM OF THE 5TH
Connetquot Chiefs batting - Pitching for Syracuse Storm : RHP Dave Turner
Batting: RHB José Magana 0-0: Ball
1-0: Ball
2-0: Called Strike
2-1: Ground out 6-3 (Groundball, 6M)
Batting: RHB Menno van de Vlugt 0-0: Ball
1-0: Ground out 1-3 (Groundball, 15)
Batting: RHB Arturo Morales 0-0: Foul Ball, location: 2F
0-1: Reached on error, E6 (Groundball, 6M)
Batting: RHB Miguel Rodríguez 0-0: Ball
1-0: Called Strike
1-1: Ball
2-1: Foul Ball, location: 2F
2-2: Foul Ball, location: 2F
2-2: Fielders Choice at 2nd, U6 (Groundball, 6M)
Bottom of the 5th over - 0 run(s), 0 hit(s), 1 error(s), 1 left on base; Syracuse 4 - Connetquot 4
TOP OF THE 6TH
Syracuse Storm batting - Pitching for Connetquot Chiefs : RHP Raúl Gálvez
Batting: RHB Jim Unknown 0-0: Called Strike
0-1: Ball
1-1: Swinging Strike
1-2: Fly out, F8 (Flyball, 8RM)
Batting: LHB Carlos Garza 0-0: Fly out, F4 (Line Drive, 4)
Batting: RHB Noah Smith 0-0: Swinging Strike
0-1: Ball
1-1: Ball
2-1: Called Strike
2-2: Ground out 1-3 (Groundball, 13)
Top of the 6th over - 0 run(s), 0 hit(s), 0 error(s), 0 left on base; Syracuse 4 - Connetquot 4
BOTTOM OF THE 6TH
Connetquot Chiefs batting - Pitching for Syracuse Storm : RHP Dave Turner
Batting: RHB Fred Burt 0-0: SINGLE (Groundball, 6MD)
Batting: RHB Mario Rivera 0-0: Ball
1-0: Sac Bunt - play at first, batter OUT! 5-4
Fred Burt to second
Batting: SHB Britt Ducker 0-0: Called Strike
0-1: Ball
1-1: Foul Ball, location: 2F
1-2: Strikes out looking
Batting: RHB David Pérez 0-0: Ball
1-0: Swinging Strike
1-1: Ball
2-1: Ground out 4-3 (Groundball, 4)
Bottom of the 6th over - 0 run(s), 1 hit(s), 0 error(s), 1 left on base; Syracuse 4 - Connetquot 4
TOP OF THE 7TH
Syracuse Storm batting - Pitching for Connetquot Chiefs : RHP Raúl Gálvez
Batting: SHB John Clayton 0-0: Foul Ball, location: 2F
0-1: DOUBLE (Line Drive, 89M)
Pinch Hitting: RHB Jorge López 0-0: Called Strike
0-1: Ball
1-1: Swinging Strike
1-2: Ball
2-2: Strikes out looking
Batting: LHB Jim Unknown 0-0: Intentional Walk
Pitching: LHP Shawn Holliday
Batting: RHB Sung-min Pae 0-0: Ball
1-0: Called Strike
1-1: SINGLE (Line Drive, 8LS)
John Clayton to third
Jim Unknown to second
Batting: RHB Jim Unknown 0-0: Ball
1-0: Ball
2-0: Fly out, F5 (Popup, 5)
Batting: RHB Rafael Delgado 0-0: SINGLE (Groundball, 6MD) (infield hit)
John Clayton scores
Jim Unknown to third
Sung-min Pae to second
Batting: RHB Jim Unknown 0-0: Ball
1-0: Ball
2-0: Fly out, F6 (Popup, 6)
Top of the 7th over - 1 run(s), 3 hit(s), 0 error(s), 3 left on base; Syracuse 5 - Connetquot 4
BOTTOM OF THE 7TH
Connetquot Chiefs batting - Pitching for Syracuse Storm : RHP Dave Turner
Now at 1B: Jorge López
Batting: RHB Emanuel Bree 0-0: Called Strike
0-1: Ball
1-1: SINGLE (Line Drive, 78S)
Batting: RHB José Magana 0-0: Ball
Emanuel Bree steals 2nd base
1-0: Called Strike
1-1: Swinging Strike
1-2: Strikes out swinging
Batting: RHB Menno van de Vlugt 0-0: Fly out, F5 (Line Drive, 5S)
Batting: RHB Arturo Morales 0-0: Ball
1-0: Called Strike
1-1: Ball
2-1: Ground out 1-3 (Groundball, 13S)
Bottom of the 7th over - 0 run(s), 1 hit(s), 0 error(s), 1 left on base; Syracuse 5 - Connetquot 4
TOP OF THE 8TH
Syracuse Storm batting - Pitching for Connetquot Chiefs : LHP Shawn Holliday
Batting: LHB Carlos Garza 0-0: Fly out, F7 (Flyball, 7LM)
Batting: RHB Noah Smith 0-0: Called Strike
0-1: Foul Ball, location: 2F
0-2: Ball
1-2: Hit by Pitch
Batting: SHB John Clayton 0-0: Ball
Noah Smith is caught stealing 2nd base
1-0: Swinging Strike
1-1: Ball
2-1: Ball
3-1: Fly out, F7 (Flyball, 7M)
Top of the 8th over - 0 run(s), 0 hit(s), 0 error(s), 0 left on base; Syracuse 5 - Connetquot 4
BOTTOM OF THE 8TH
Connetquot Chiefs batting - Pitching for Syracuse Storm : RHP Dave Turner
Batting: RHB Miguel Rodríguez 0-0: Ball
1-0: Ball
2-0: SINGLE (Groundball, 5L)
Pinch Runner at 1st Rúbem Corvo:
Batting: RHB Fred Burt 0-0: Ball
1-0: Foul Ball, location: 2F
1-1: DOUBLE (Line Drive, 7LS)
Rúbem Corvo to third
Pinch Hitting: RHB Jim Unknown 0-0: Ball
1-0: Foul Ball, location: 2F
1-1: Foul Ball, location: 2F
1-2: Ball
2-2: Ball
3-2: Base on Balls
Pitching: RHP Jim Unknown
Batting: SHB Britt Ducker 0-0: Fly out, F7 (Flyball, 7LSF)
Runner from 3rd tags up, SCORES, no throw
Pinch Hitting: RHB Rafael Canseco 0-0: Swinging Strike
0-1: SINGLE (Groundball, 5)
Fred Burt to third
Jim Unknown to second
Runner from 3rd tries for Home, SAFE, throw made home
Jim Unknown to third
Rafael Canseco to second
Pinch Hitting: LHB Jim Unknown 0-0: Called Strike
0-1: Ball
1-1: Swinging Strike
1-2: Strikes out swinging
Batting: RHB José Magana 0-0: Ball
1-0: Ball
2-0: SINGLE (Groundball, 4D)
Jim Unknown scores
Rafael Canseco to third
Runner from 3rd tries for Home, SAFE, no throw or cutoff
Batting: RHB Menno van de Vlugt 0-0: Swinging Strike
0-1: Foul Ball, location: 2F
0-2: Strikes out swinging
Bottom of the 8th over - 4 run(s), 4 hit(s), 0 error(s), 1 left on base; Syracuse 5 - Connetquot 8
TOP OF THE 9TH
Syracuse Storm batting - Pitching for Connetquot Chiefs : LHP Shawn Holliday
Pitching: RHP Tommy Middleton
Now at 1B: Jim Unknown
Now at 2B: Jim Unknown
Now at SS: Fernando Mendoza
Now in CF: Rúbem Corvo
Batting: RHB Jorge López 0-0: Called Strike
0-1: Fly out, F7 (Flyball, 78D)
Batting: LHB Jim Unknown 0-0: Called Strike
0-1: SOLO HOME RUN (Line Drive, 9D), Distance : 394 ft
Batting: RHB Sung-min Pae 0-0: Foul Ball, location: 2F
0-1: Ball
1-1: Foul Ball, location: 2F
1-2: Ball
2-2: Strikes out swinging
Batting: RHB Jim Unknown 0-0: Ball
1-0: Ball
2-0: Ball
3-0: Base on Balls
Batting: RHB Rafael Delgado 0-0: Ball
1-0: Ball
2-0: Called Strike
2-1: Called Strike
2-2: Fly out, F7 (Line Drive, 7M)
Top of the 9th over - 1 run(s), 1 hit(s), 0 error(s), 1 left on base; Syracuse 6 - Connetquot 8
This league is powered by Out of the Park Baseball, the baseball management simulation game for PC, Mac and Linux
Friday, April 15th, 2016 - OOTP Baseball 16.9 Build 39